 Dungeon Crawl Stone Soup version 0.28-a0-265-g048bc9fd10 (webtiles) character file.

Game seed: 16275564281658151869

86 porpoise the Skirmisher (level 4, 0/40 HPs)
             Began as a Barachi Wanderer on Aug 28, 2021.
             Slain by Sigmund (9 damage)
             ... on level 2 of the Dungeon.
             The game lasted 00:09:06 (2574 turns).

porpoise the Skirmisher (Barachi Wanderer)          Turns: 2574, Time: 00:09:06

Health: 0/40       AC:  8    Str: 14    XL:     4   Next: 49%
Magic:  4/4        EV: 10    Int: 12    God:
Gold:   67         SH:  0    Dex: 12    Spells: 3/3 levels left

rFire   . . .      SeeInvis .   b - +2 shortbow
rCold   . . .      Faith    .   (shield currently unavailable)
rNeg    . . .      Spirit   .   l - +0 ring mail
rPois   .          Reflect  .   q - +1 helmet
rElec   .          Harm     .   (no cloak)
rCorr   .          Rampage  .   (no gloves)
Will    .....                   m - +0 pair of boots
Stlth   +.........              (no amulet)
HPRegen 0.13/turn               (no ring)
MPRegen 0.09/turn               (no ring)

@: unable to hop, slow
A: amphibious, slowness 1, strong legs 1, +LOS
a: Hop


You were on level 2 of the Dungeon.
You visited 1 branch of the dungeon, and saw 2 of its levels.

You collected 67 gold pieces.

Inventory:

Hand Weapons
 a - a +0 short sword
 b - a +2 shortbow (weapon)
 p - a +0 hunting sling
Missiles
 c - 21 arrows (quivered ammo)
 d - 7 sling bullets
 g - 46 bolts
 h - 115 stones
 o - 7 poisoned darts
Armour
 l - a +0 ring mail (worn)
 m - a +0 pair of boots (worn)
 q - a +1 helmet (worn)
Scrolls
 i - a scroll of fog {unknown}
 j - a scroll of teleportation {unknown}
 k - 2 scrolls of identify {unknown}
 n - 4 scrolls of vulnerability {unknown}
 r - a scroll of fear {unknown}
 t - a scroll of immolation {unknown}
Potions
 e - a potion of resistance {unknown}
 f - a potion of flight {unknown}
 s - a potion of lignification {unknown}


   Skills:
 + Level 6.2 Fighting
 - Level 2.1 Short Blades
 - Level 1.0 Bows
 - Level 1.0 Throwing
 - Level 1.2 Armour
 - Level 1.0 Stealth
 - Level 1.1 Evocations


You had 3 spell levels left.
You didn't know any spells.
Your spell library was empty.

Dungeon Overview and Level Annotations

Branches:
Dungeon (2/15)

Altars:

Annotations:
D:2 Sigmund


Innate Abilities, Weirdness & Mutations

You are amphibious.
You cover ground slowly.
You can hop short distances.
You have an extended range of vision and can be seen from far away.


Message History

Sigmund points at you and mumbles some strange words.
The puff of flame hits you!
You shoot an arrow. The arrow hits the endoplasm.
The endoplasm is heavily wounded.
Sigmund barely misses you. The endoplasm barely misses you.
You shoot an arrow. The arrow hits the endoplasm.
You kill the endoplasm!
Sigmund hits you but does no damage. The endoplasm closely misses you.
You shoot an arrow. The arrow hits the endoplasm.
The endoplasm is heavily wounded.
Sigmund hits you from afar with a +0 scythe of flaming!
Sigmund burns you.
The endoplasm hits you but does no damage.
You shoot an arrow. The arrow hits the endoplasm!
You kill the endoplasm!
Sigmund hits you but does no damage. The endoplasm closely misses you.
You shoot an arrow. The arrow hits the endoplasm!
You kill the endoplasm!
Sigmund casts a spell at you. The puff of flame hits you!
* * * LOW HITPOINT WARNING * * *
You are too injured to fight recklessly!
You are too injured to fight recklessly!
You are too injured to fight recklessly!
Fire: 22 arrows
Press: ? - help, Q - select action, (/) - cycle Shift-Dir - straight line, f - Sigmund
Aim: Sigmund, wielding a +0 scythe of flaming and wearing a +0 robe (heavily wounded, 60% to hit)
You shoot an arrow. The arrow hits Sigmund.
Sigmund is heavily wounded.
Sigmund hits you from afar with a +0 scythe of flaming.
* * * LOW HITPOINT WARNING * * *
Sigmund burns you.
* * * LOW HITPOINT WARNING * * *
Hop to where?
Press: ? - help, Dir - move target, p - Sigmund Boing!
Sigmund's eyes start glowing with a red light.
There is a stone staircase leading up here.
Sigmund hits you from afar with a +0 scythe of flaming!
You die...

##†......#...## ###..#......###
##..#.......#..# #...#####...## #
...##.#.##..##.###.######..... .
.####........#..#..## #.....## .
## #...............###.##.## ##.
#..#..#.##..............###((
#..##.......)..........)..(..
#####..###....#.#.............###
#...............@.@.........###
..###..#.##.................####
#####..#.#..##..[)...............
#........##..)...##)##...[....
#.................#.##..#.....
##........)######.....#..#.....
#..........# #..............
###.#.#####..# #####...... ..
#.....# #..# ....... .


You could see Sigmund.

Vanquished Creatures
  Robin (D:2)
  2 adders (D:2)
  2 dart slugs
  8 endoplasms
  A giant cockroach (D:2)
  8 goblins
  9 hobgoblins
  A quokka (D:1)
  A ball python (D:1)
  2 bats (D:1)
  3 frilled lizards (D:1)
  5 kobolds
  6 rats
49 creatures vanquished.

Notes
Turn   | Place    | Note
-------+----------+-------------------------------------------
     0 | D:1      | porpoise the Barachi Wanderer began the quest for the Orb.
     0 | D:1      | porpoise set off with the following items: a +2 shortbow,
                  | 22 arrows, a +0 short sword, 14 poisoned darts, a +0
                  | dagger, a +0 robe
     0 | D:1      | Reached XP level 1. HP: 18/18 MP: 1/1
   313 | D:1      | Reached skill level 4 in Fighting
   451 | D:1      | Reached XP level 2. HP: 25/25 MP: 2/2
  1743 | D:1      | Reached XP level 3. HP: 25/32 MP: 3/3
  1817 | D:2      | Reached skill level 5 in Fighting
  2071 | D:2      | Noticed Robin
  2077 | D:2      | Killed Robin
  2079 | D:2      | Reached XP level 4. HP: 40/40 MP: 4/4
  2271 | D:2      | Reached skill level 6 in Fighting
  2546 | D:2      | Noticed Sigmund
  2574 | D:2      | Slain by Sigmund

Illustrated notes

Levels and vault maps discovered:
D:1:      sevenhm_arrival_forest_fort_large_4, layout_basic, minivault_23
D:2:      layout_rooms, grunt_ministairs_7, minmay_diced_spiral, uniq_robin,
          uniq_sigmund

Skill      XL: |  1  2  3  4 |
---------------+-------------+-----
Fighting       | 4 5 6 |  6.2
Short Blades   | |  2.1
Bows           | |  1.0
Throwing       | |  1.0
Armour         | |  1.2
Stealth        | |  1.0
Evocations     | |  1.1

Action                   |  1- 3 |  4- 6 || total
-------------------------+-------+-------++-------
Melee: Short sword       |    62 |    14 ||    76
 Fire: Shortbow          |    17 |    37 ||    54
Throw: Dart              |    59 |     2 ||    61
 Abil: Hop               |       |     1 ||     1
Armor: Robe              |     1 |       ||     1
       Ring mail         |    19 |    15 ||    34
Dodge: Dodged            |    26 |    24 ||    50

Table legend: (Time is in decaauts)
 A = Elapsed time spent in this place.
 B = Non-inter-level travel time spent in this place.
 C = Inter-level travel time spent in this place.
 D = Time resting spent in this place.
 E = Time spent auto-exploring this place.
 F = Levels seen in this place.
 G = Mean time per level.
                   A        B        C        D        E       F      G
               +--------+--------+--------+--------+--------+-----+--------+
         Total |   2824 |   2758 |     66 |    958 |   1372 |   2 | 1412.0 |
       Dungeon |   2824 |   2758 |     66 |    958 |   1372 |   2 | 1412.0 |
               +--------+--------+--------+--------+--------+-----+--------+

Top non-repeatable levels by time:
     D:1: 2079 daAuts
     D:2: 744 daAuts
